 Dungeon Crawl Stone Soup version 0.32-a0-350-g4f4d228785 (webtiles) character file.

Game seed: 18037338573958671406

477 Bobbunny the Sneak (level 7, -8/35 (37) HPs)
             Began as a Vine Stalker Enchanter on Feb 18, 2024.
             Mangled by a wight
             ... wielding a +0 heavy battleaxe
              (18 damage)
             ... on level 4 of the Dungeon.
             The game lasted 00:04:05 (2721 turns).

Bobbunny the Sneak (Vine Stalker Enchanter)         Turns: 2721, Time: 00:04:06

HP:   -8/35 (37)    AC:  5    Str: 10    XL:     7   Next: 11%
MP:   0/11          EV: 12    Int: 15    God:
Gold: 201           SH:  0    Dex: 17    Spells: 10/10 levels left

rFire   + . .        m - +1 short sword (speed)
rCold   . . .        (no shield)
rNeg    . . .        b - +0 robe
rPois   .            (no helmet)
rElec   .            n - +1 cloak {rCorr}
rCorr   +            (no gloves)
SInv    .            g - +0 pair of boots
Will    .....        (no amulet)
Stlth   +++          v - ring of protection from fire
HPRegen 1.05/turn    (no ring)
MPRegen 0.12/turn

%: guardian spirit
@: drained
A: fangs 2, regeneration 1, magic shield, antimagic bite, no potion heal 2
a: no special abilities


You were on level 4 of the Dungeon.
You visited 1 branch of the dungeon, and saw 4 of its levels.

You collected 201 gold pieces.

Inventory:

Hand Weapons
 a - a +1 dagger
 m - a +1 short sword of speed (weapon)
Missiles
 i - 11 stones (quivered)
Armour
 b - a +0 robe (worn)
 e - a +0 plate armour
 g - a +0 pair of boots (worn)
 n - a +1 cloak of preservation (worn)
Jewellery
 v - a ring of protection from fire (left hand)
Scrolls
 f - 7 scrolls of identify {unknown}
 k - 2 scrolls of teleportation {unknown}
 o - a scroll of fog {unknown}
 t - 2 scrolls of revelation {unknown}
 w - a scroll of brand weapon {unknown}
Potions
 c - 2 potions of invisibility
 d - a potion of might {unknown}
 h - 2 potions of curing {unknown}
 j - 2 potions of resistance {unknown}
 l - a potion of brilliance {unknown}
 p - a potion of enlightenment {unknown}
 q - a potion of lignification {unknown}
 r - a potion of mutation {unknown}
 s - a potion of haste {unknown}
 u - a potion of heal wounds {unknown}
 x - a potion of attraction {unknown}


   Skills:
 + Level 4.1 Fighting
 + Level 4.2 Short Blades
 - Level 1.5 Dodging
 - Level 5.0 Stealth
 - Level 2.1 Spellcasting
 - Level 3.0 Hexes


You had 10 spell levels left.
You didn't know any spells.
Your spell library contained the following spells:

 Spells                   Type           Power      Damage    Failure   Level
 Ensorcelled Hibernation  Hex/Ice        12%        N/A       19%         2
 Confusing Touch          Hex            10%        N/A       19%         3
 Tukima's Dance           Hex            10%        N/A       19%         3
 Dazzling Flash           Conj/Hex       12%        N/A       34%         3
 Summon Ice Beast         Ice/Summ       1%         N/A       54%         3
 Vhi's Electric Charge    Tloc/Air       2%         N/A       91%         4
 Summon Mana Viper        Hex/Summ       6%         N/A       97%         5
 Alistair's Intoxication  Alch           0%         N/A       99%         5
 Arcjolt                  Conj/Air       0%         1d10      99%         5
 Borgnjor's Vile Clutch   Necr/Erth      0%         N/A       99%         5
 Eringya's Noxious Bog    Alch           0%         4d6       100%        6
 Plasma Beam              Fire/Air       0%         2x1d10    100%        6
 Monstrous Menagerie      Summ           0%         N/A       100%        7


Dungeon Overview and Level Annotations

Branches:
Dungeon (4/15)
 Temple: D:4-7

Altars:
Elyvilon

Shops:
D:3 [


Innate Abilities, Weirdness & Mutations

You have extremely sharp teeth.
Your natural rate of healing is unusually fast.
When hurt, damage is shared between your health and your magic reserves.
Your bite disrupts and absorbs the magic of your enemies.
Potions cannot restore your health.


Message History

The wight barely misses you.
You hit the wight but do no damage. You bite the wight. You drain its power.
You feel invigorated.
The wight is severely damaged.
You hit the wight but do no damage. You bite the wight, but do no damage.
The wight is severely damaged.
You hit the wight but do no damage.
The wight is severely damaged.
The wight barely misses you.
A wight comes into view. It is wielding a +0 mace.
You hit the wight but do no damage.
The wight is severely damaged.
You hit the wight but do no damage. Your bite misses the wight.
The wight is severely damaged.
The wight barely misses you.
You hit the wight.
The wight is almost destroyed.
You hit the wight but do no damage. You bite the wight, but do no damage.
The wight is almost destroyed.
You hit the wight but do no damage. Your bite misses the wight.
The wight is almost destroyed.
The wight completely misses you.
You hit the wight but do no damage.
The wight is almost destroyed.
You hit the wight but do no damage.
The wight is almost destroyed.
You hit the wight.
The wight is almost destroyed.
The wight hits you with a +0 heavy battleaxe!!
You feel drained.
* * * LOW HITPOINT WARNING * * *
You closely miss the wight. Your bite misses the wight.
The wight is almost destroyed.
You hit the wight but do no damage. Your bite misses the wight.
The wight is almost destroyed.
You barely miss the wight. You bite the wight, but do no damage.
The wight is almost destroyed.
The wight hits you with a +0 heavy battleaxe!!
Ouch! That really hurt!
You die...

###### #.)))#
#.##.# #<##.#
####.# #.#
...# #####.#
#..# #zz@..#
#..####.#####
#..##.)..#
#..##)####
#..##.###
###..#....#
#.......#.##
#.#..†.....#
#.......##


You could see 2 wights.

Vanquished Creatures
  Crazy Yiuf (D:3)
  2 bombardier beetles (D:3)
  An orc priest (D:4)
  2 iguanas (D:4)
  11 gnolls
  7 adders
  A dart slug (D:1)
  A ribbon worm (D:3)
  5 orcs (D:3)
  6 endoplasms
  2 giant cockroaches
  7 goblins
  6 hobgoblins
  4 jackals
  2 quokkas (D:2)
  7 ball pythons
  3 bats
  2 frilled lizards
  8 kobolds
  7 rats
85 creatures vanquished.

Notes
Turn   | Place    | Note
-------+----------+-------------------------------------------
     0 | D:1      | Bobbunny the Vine Stalker Enchanter began the quest for the
                  | Orb.
     0 | D:1      | Reached XP level 1. HP: 9/9 MP: 4/4
    26 | D:1      | Reached skill level 1 in Short Blades
   143 | D:1      | Reached XP level 2. HP: 14/14 MP: 6/6
   330 | D:1      | Reached skill level 1 in Fighting
   330 | D:1      | Reached skill level 4 in Stealth
   468 | D:1      | Reached XP level 3. HP: 18/18 MP: 7/7
  1213 | D:2      | Reached XP level 4. HP: 23/23 MP: 8/8
  1307 | D:2      | Reached skill level 5 in Stealth
  1307 | D:2      | Reached XP level 5. HP: 12/26 MP: 6/9
  1678 | D:3      | Reached XP level 6. HP: 32/32 MP: 10/10
  1688 | D:3      | Found a runed translucent door.
  1689 | D:3      | Noticed Crazy Yiuf
  1781 | D:3      | Killed Crazy Yiuf
  1970 | D:3      | Found Bewa's Antique Armour Shop.
  2092 | D:3      | Found a white marble altar of Elyvilon.
  2464 | D:4      | Reached XP level 7. HP: 35/37 MP: 9/11
  2721 | D:4      | Mangled by a wight

Illustrated notes

Levels and vault maps discovered:
D:1:      matt_arrival_los_fun, layout_loops_corners, serial_forest,
          infiniplex_forest_straight_2, infiniplex_forest_clump_diagonal,
          infiniplex_forest_lined_room_3, infiniplex_forest_straight_3,
          infiniplex_forest_corner_1, infiniplex_forest_join,
          infiniplex_forest_clump_small, infiniplex_forest_lined_3_way,
          infiniplex_forest_lined_room_3
D:2:      layout_rooms, hex_tiny, minmay_small_reverse_x
D:3:      cheibrodos_old_hovel, layout_rooms, mainiacjoe_overflow_cross_hatched,
          serial_shops, shop_fountains, uniq_crazy_yiuf_cottage
D:4:      layout_basic

Skill      XL: |  1  2  3  4  5  6 |
---------------+-------------------+-----
Short Blades   | 1 2 3 4 |  4.2
Fighting       | 1 2 3 4 |  4.1
Stealth        | 4 5 |  5.0
Dodging        | |  1.5
Spellcasting   | |  2.1
Hexes          | |  3.0

Action                     |  1- 3 |  4- 6 |  7- 9 || total
---------------------------+-------+-------+-------++-------
  Melee: Dagger            |    16 |       |       ||    16
         Bite              |    10 |    63 |    11 ||    84
         Short sword       |    36 |   202 |    44 ||   282
  Throw: Stone             |       |     1 |     3 ||     4
   Stab: Sleeping          |     9 |    10 |       ||    19
         Distracted        |     1 |       |       ||     1
 Armour: Robe              |    16 |    93 |     8 ||   117
  Dodge: Dodged            |    42 |    93 |    12 ||   147

Table legend: (Time is in decaauts)
 A = Elapsed time spent in this place.
 B = Non-inter-level travel time spent in this place.
 C = Inter-level travel time spent in this place.
 D = Time resting spent in this place.
 E = Time spent auto-exploring this place.
 F = Levels seen in this place.
 G = Mean time per level.
                   A        B        C        D        E       F      G
               +--------+--------+--------+--------+--------+-----+--------+
         Total |   2596 |   2477 |    119 |    121 |   1767 |   4 |  649.0 |
       Dungeon |   2596 |   2477 |    119 |    121 |   1767 |   4 |  649.0 |
               +--------+--------+--------+--------+--------+-----+--------+

Top non-repeatable levels by time:
     D:1: 1117 daAuts
     D:3: 612 daAuts
     D:2: 526 daAuts
     D:4: 340 daAuts
